 Dungeon Crawl Stone Soup version 0.30-a0-269-gf0224bf7b6 (webtiles) character file.

Game seed: 1061134425593870104

2104 heikuro the Shield-Bearer (level 9, -14/69 HPs)
             Began as a Formicid Fighter on Oct 15, 2022.
             Was a Believer of Makhleb.
             Killed from afar by Dowan (16 damage)
             ... with a shard of ice
             ... on level 5 of the Dungeon.
             The game lasted 00:10:51 (6334 turns).

heikuro the Shield-Bearer (Formicid Fighter)        Turns: 6334, Time: 00:10:52

Health: -14/69     AC: 11    Str: 25    XL:     9   Next: 53%
Magic:  12/12      EV:  9    Int:  8    God:    Makhleb [**....]
Gold:   195        SH:  6    Dex: 13    Spells: 8/8 levels left

rFire   . . .      SeeInvis +    a - +0 halberd
rCold   . . .      Faith    .    c - +0 buckler
rNeg    . . .      Spirit   .    r - +4 scale mail
rPois   .          Reflect  .    (helmet unavailable)
rElec   .          Harm     .    (no cloak)
rCorr   +          Rampage  .    (no gloves)
Will    .....                    (no boots)
Stlth   ..........               (no amulet)
HPRegen 0.31/turn                u - ring of resist corrosion
MPRegen 0.13/turn                (no ring)

@: no status effects
A: permanent stasis, dig shafts and tunnels, antennae 3, four strong arms
a: Dig, Shaft Self, Renounce Religion, Minor Destruction


You were on level 5 of the Dungeon.
You worshipped Makhleb.
Makhleb was pleased with you.
You visited 1 branch of the dungeon, and saw 7 of its levels.
You also visited: Sewer.

You collected 195 gold pieces.

Inventory:

Hand Weapons
 a - a +0 halberd (weapon)
Missiles
 b - 11 poisoned darts
Armour
 c - a +0 buckler (worn)
 m - a +0 plate armour
 r - a +4 scale mail (worn)
 B - an orb of light
Jewellery
 u - a ring of resist corrosion (left hand)
 v - an amulet of guardian spirit
 x - a ring of magical power
Scrolls
 f - 3 scrolls of butterflies
 i - 3 scrolls of fear
 l - 3 scrolls of teleportation {unknown}
 n - 4 scrolls of magic mapping
 p - a scroll of enchant weapon {unknown}
 s - a scroll of summoning {unknown}
 w - a scroll of noise {unknown}
 y - a scroll of poison {unknown}
 z - a scroll of vulnerability {unknown}
 A - a scroll of acquirement {unknown}
Potions
 d - a potion of brilliance {unknown}
 e - 2 potions of invisibility
 g - 3 potions of mutation {unknown}
 h - a potion of flight {unknown}
 j - a potion of haste
 k - a potion of cancellation {unknown}
 o - 2 potions of magic
 q - a potion of lignification {unknown}
 t - a potion of berserk rage {unknown}


   Skills:
 + Level 6.2 Fighting
 * Level 7.3 Polearms
 + Level 6.3 Armour
 + Level 7.5 Shields
 + Level 5.3 Invocations


You had 8 spell levels left.
You didn't know any spells.
Your spell library contained the following spells:

 Spells                   Type           Power      Damage    Failure   Level
 Sting                    Tmut/Pois      0%         1d3       75%         1
 Ensorcelled Hibernation  Hex/Ice        0%         N/A       86%         2
 Poisonous Vapours        Pois/Air       0%         N/A       86%         2
 Call Canine Familiar     Summ           0%         N/A       98%         3
 Portal Projectile        Hex/Tloc       0%         N/A       98%         3
 Spider Form              Tmut/Pois      0%         N/A       98%         3
 Anguish                  Hex/Necr       0%         N/A       100%        4
 Leda's Liquefaction      Hex/Erth       0%         N/A       100%        4
 Manifold Assault         Tloc           0%         N/A       100%        4
 Olgreb's Toxic Radiance  Pois           0%         N/A       100%        4
 Storm Form               Tmut/Air       0%         N/A       100%        7
 Blink                    Tloc           Unusable   N/A       N/A         2

Dungeon Overview and Level Annotations

Branches:
Dungeon (7/15)             Temple (0/1) D:4           Sewer (visited)

Altars:
Dithmenos
Fedhas
Gozag
Hepliaklqana
Kikubaaqudgha
Makhleb
Okawaru
Trog
Vehumet
Wu Jian

Shops:
D:4 [(

Annotations:
D:5 Dowan


Innate Abilities, Weirdness & Mutations

You cannot be hasted, slowed, berserked, paralysed or teleported.
You can dig through walls and to a lower floor.
You have a pair of large antennae on your head. (SInv)
Your four strong arms can wield two-handed weapons with a shield.


Message History

You reach to attack!
You barely miss Dowan.
Dowan is severely wounded.
Dowan zaps a wand.
The roots erupt in riotous growth!
The grasping roots grab you! The grasping roots constrict you.
* * * LOW HITPOINT WARNING * * *
The grasping roots constrict you.
* * * LOW HITPOINT WARNING * * *
Reach: a) +0 halberd
Press: ? - help, Dir - move target, f/p - Dowan
Aim: Dowan, wielding a +0 dagger, wearing a +2 robe of willpower and carrying a wand of roots (4) (severely wounded, fast, about 54% to evade your +0 halberd)
You barely miss Dowan.
Dowan is severely wounded.
Dowan gestures wildly while chanting.
Dowan blinks!
The grasping roots constrict you.
* * * LOW HITPOINT WARNING * * *
Dowan casts a spell at you. You block the shard of ice.
The grasping roots constrict you.
* * * LOW HITPOINT WARNING * * *
Reach: a) +0 halberd
Press: ? - help, Dir - move target, f/p - Dowan
Aim: Dowan, wielding a +0 dagger, wearing a +2 robe of willpower and carrying a wand of roots (4) (severely wounded, fast, about 54% to evade your +0 halberd)
You reach to attack!
You barely miss Dowan.
Dowan is severely wounded.
Dowan casts a spell.
Dowan blinks!
The grasping roots constrict you.
* * * LOW HITPOINT WARNING * * *
Dowan gestures at you while chanting. The shard of ice hits you.
* * * LOW HITPOINT WARNING * * *
The grasping roots constrict you.
* * * LOW HITPOINT WARNING * * *
The grasping roots release their grip on you.
Unknown command.
Are you sure you want to shaft yourself? [Y]es or [N]o only, please.
Are you sure you want to shaft yourself?
Dowan gestures at you while chanting. The shard of ice hits you!
You die...

#. #.#.....# ##.#
#.#.###.#### #...# ...#
#....##
....e########.###.##...
............#...>.##..#
........##...##)####..#
#.##._.##.# #..#
####§...e....####...
#..@................
#.##.§......####.... #
#.#....### #.<.#
...#....# #..##
.####.#### #.... # #.#
#.### #.# #># #.# #.#
#. #.#


You could see Dowan (fast).

Vanquished Creatures
  Duvessa (D:5)
  An orc warrior (D:6)
  3 black bears
  3 ogres
  A phantom (D:5)
  2 centaurs
  2 kobold brigands (Sewer)
  A bullfrog (D:6)
  3 necrophages
  2 scorpions
  A howler monkey (D:5)
  3 hounds
  2 orc priests (D:6)
  4 jellies
  3 iguanas
  3 orc wizards
  6 adders
  A river rat (D:4)
  A shadow imp (D:6)
  A white imp (D:6)
  6 worms
  2 dart slugs
  14 orcs
  8 ball pythons
  7 endoplasms
  3 giant cockroaches (D:4)
  2 hobgoblins
  4 jackals (D:4)
  11 kobolds
  7 quokkas
  3 bats
  2 frilled lizards
  5 goblins
  6 rats
124 creatures vanquished.

Vanquished Creatures (others)
  A withered plant (D:4)
1 creature vanquished.

Grand Total: 125 creatures vanquished

Notes
Turn   | Place    | Note
-------+----------+-------------------------------------------
     0 | D:1      | heikuro the Formicid Fighter began the quest for the Orb.
     0 | D:1      | Reached XP level 1. HP: 18/18 MP: 1/1
   153 | D:1      | Reached XP level 2. HP: 24/24 MP: 2/2
   665 | D:2      | Reached XP level 3. HP: 20/29 MP: 3/3
  1459 | D:3      | Reached XP level 4. HP: 31/37 MP: 4/4
  1490 | D:3      | Found a burning altar of Makhleb.
  1498 | D:3      | Became a worshipper of Makhleb the Destroyer
  2073 | D:3      | Found a faded altar of an unknown god.
  2139 | D:4      | Found an ancient bone altar of Kikubaaqudgha.
  2142 | D:4      | Found a blossoming altar of Fedhas.
  2169 | D:4      | Noticed an ogre
  2172 | D:4      | Reached XP level 5. HP: 42/42 MP: 5/5
  2175 | D:4      | Killed an ogre
  2176 | D:4      | Reached skill level 5 in Shields
  2176 | D:4      | Reached skill level 1 in Invocations
  2205 | D:4      | Found Rielirom's Antique Weapon Shop.
  2221 | D:4      | Noticed an ogre
  2229 | D:4      | Killed an ogre
  2230 | D:4      | Reached XP level 6. HP: 23/48 MP: 7/7
  2315 | D:4      | Found a glowing drain.
  2327 | Sewer    | Entered a sewer
  2463 | Sewer    | Reached XP level 7. HP: 55/55 MP: 8/8
  2532 | Sewer    | Reached * piety under Makhleb
  2901 | D:4      | Found Mumoshaa's Antique Armour Emporium.
  3113 | D:4      | Found a staircase to the Ecumenical Temple.
  3291 | D:4      | Reached skill level 5 in Polearms
  3291 | D:4      | Reached skill level 5 in Armour
  3377 | D:4      | Reached XP level 8. HP: 41/61 MP: 10/10
  3630 | D:4      | Found an ornate altar of the Wu Jian Council.
  3852 | D:4      | Found a hazy altar of Hepliaklqana.
  3986 | D:4      | Found a radiant altar of Vehumet.
  3989 | D:4      | Found an opulent altar of Gozag.
  3992 | D:4      | Found an iron altar of Okawaru.
  4216 | D:5      | Entered Level 5 of the Dungeon
  4287 | D:5      | Reached skill level 5 in Fighting
  4548 | D:5      | Noticed Duvessa
  4549 | D:5      | Noticed Dowan
  4569 | D:5      | You fall into a shaft and drop 2 floors!
  5188 | D:5      | Killed Duvessa
  5189 | D:5      | Reached XP level 9. HP: 22/69 MP: 12/12
  5193 | D:5      | You fall into a shaft and drop 2 floors!
  5442 | D:6      | Reached ** piety under Makhleb
  5529 | D:6      | HP: 2/69 [orc warrior/+0 halberd (6)]
  5845 | D:6      | Reached skill level 5 in Invocations
  6243 | D:5      | Found a shadowy altar of Dithmenos.
  6310 | D:5      | Found a bloodstained altar of Trog.
  6333 | D:5      | HP: 2/69 [Dowan/shard of ice (5)]
  6334 | D:5      | Killed from afar by Dowan

Illustrated notes

Levels and vault maps discovered:
D:1:      minmay_arrival_diagonal_passages, layout_loops_cross
D:2:      layout_loops_cross
D:3:      cheibrodos_helix_gallery, layout_loops_ring,
          lemuel_coloured_pillars_altar, hellmonk_ecumenical_altar_prayer_group
D:4:      layout_layer_cave, grunt_temple_overflow_growth_and_decay,
          nzn_hepliaklqana_mist_gate, nicolae_wu_jian_wuxing_cycle,
          grunt_temple_overflow_diamond, minmay_temple_entry_overgrown,
          gup_sewer_entry_bubbles, serial_shops, shop_fountains, shop,
          hangedman_decor_lopped, minmay_misc_feat_plants
D:5:      layout_loops_ring, lemuel_crystal_altar, overflow_temple_1_default,
          uniq_duvessa
D:6:      layout_basic, mainiacjoe_overflow_catwalk
D:7:      layout_basic, nicolae_elyvilon_peaceful_grove,
          nicolae_uskayaw_dance_hall, serial_undead, serial_undead_b,
          serial_undead_d, serial_undead_a, serial_undead_f,
          hangedman_decor_growths

Skill      XL: |  1  2  3  4  5  6  7  8  9 |
---------------+----------------------------+-----
Polearms       | 3 4 5 6 7 |  7.3
Fighting       | 4 5 6 |  6.2
Armour         | 4 5 6 |  6.3
Shields        | 5 6 7 |  7.5
Invocations    | 2 3 4 5 |  5.3

Action                   |  1- 3 |  4- 6 |  7- 9 || total
-------------------------+-------+-------+-------++-------
Melee: Trident           |    97 |   100 |   306 ||   503
       Halberd           |       |       |    75 ||    75
Invok: Minor Destruction |       |       |     2 ||     2
 Abil: Dig               |       |       |     1 ||     1
       Shaft Self        |       |       |     3 ||     3
  Use: Scroll            |     2 |     2 |     1 ||     5
       Potion            |       |     1 |       ||     1
Armor: Scale mail        |    23 |    30 |   173 ||   226
       Plate armour      |     2 |     8 |       ||    10
Dodge: Dodged            |    22 |    30 |   130 ||   182
Block: Buckler           |    12 |    18 |    96 ||   126

Table legend: (Time is in decaauts)
 A = Elapsed time spent in this place.
 B = Non-inter-level travel time spent in this place.
 C = Inter-level travel time spent in this place.
 D = Time resting spent in this place.
 E = Time spent auto-exploring this place.
 F = Levels seen in this place.
 G = Mean time per level.
                   A        B        C        D        E       F      G
               +--------+--------+--------+--------+--------+-----+--------+
         Total |   6508 |   6269 |    239 |   1408 |   3012 |   8 |  813.5 |
       Dungeon |   5942 |   5703 |    239 |   1309 |   3010 |   7 |  848.9 |
         Sewer |    566 |    566 |      0 |     99 |      2 |   1 |  566.0 |
               +--------+--------+--------+--------+--------+-----+--------+

Top non-repeatable levels by time:
     D:4: 1661 daAuts
     D:6: 953 daAuts
     D:2: 768 daAuts
     D:3: 755 daAuts
     D:5: 726 daAuts
     D:1: 654 daAuts
   Sewer: 566 daAuts
     D:7: 422 daAuts
